 Dungeon Crawl Stone Soup version 0.30-a0-586-g23e55c9e0a (webtiles) character file.

Game seed: 15667032280371853986

104 tilp the Covered (level 5, 0/46 HPs)
             Began as a Meteoran Fighter on Jan 3, 2023.
             Slain by an orc
             ... wielding a +0 morningstar
              (7 damage)
             ... on level 3 of the Dungeon.
             The game lasted 00:01:29 (172 turns).

tilp the Covered (Meteoran Fighter)                  Turns: 172, Time: 00:01:30

Health: 0/46       AC:  7    Str: 18    XL:     5   Next: 30%
Magic:  6/6        EV: 10    Int:  9    God:
Gold:   9          SH:  5    Dex: 15    Spells: 4/4 levels left

rFire   . . .      SeeInvis .    a - +0 long sword
rCold   . . .      Faith    .    c - +0 buckler
rNeg    . . .      Spirit   .    b - +0 scale mail
rPois   .          Reflect  .    (no helmet)
rElec   .          Harm     .    (no cloak)
rCorr   .          Rampage  .    (no gloves)
Will    .....                    (no boots) Stlth
                                 (no amulet)
HPRegen 0.27/turn                (no ring)
MPRegen 0.10/turn                (no ring)

@: glowing
A: sense surroundings 1, otherworldly, glowing, explore regen
a: no special abilities


You were on level 3 of the Dungeon.
You visited 1 branch of the dungeon, and saw 4 of its levels.

You collected 9 gold pieces.

Inventory:

Hand Weapons
 a - a +0 long sword (weapon)
Missiles
 e - 4 stones (quivered)
 f - 3 poisoned darts
Armour
 b - a +0 scale mail (worn)
 c - a +0 buckler (worn)


   Skills:
 + Level 3.7 Fighting
 + Level 3.1 Long Blades
 - Level 4.0 Armour
 * Level 2.7 Dodging
 + Level 1.2 Stealth
 - Level 4.0 Shields


You had 4 spell levels left.
You didn't know any spells.
Your spell library was empty.

Dungeon Overview and Level Annotations

Branches:
Dungeon (4/15) Zot: 2208
 Temple: D:4-7

Altars:


Innate Abilities, Weirdness & Mutations

You passively map a small area around you.
You are easily found by Zot.
You glow in the dark.
You regain HP and MP as you explore.


Message History

You closely miss the orc.
The orc is almost dead.
An orc comes into view. It is wielding a +2 mace of protection.
You block the orc's attack. The orc hits you with a +0 whip.
* * * LOW HITPOINT WARNING * * *
You block the orc's attack.
Unknown command.
The orc hits you with a +0 whip.
* * * LOW HITPOINT WARNING * * *
Unknown command.
You completely miss the orc.
The orc is almost dead.
You block the orc's attack.
Unknown command.
You barely miss the orc.
The orc is almost dead.
The orc hits you but does no damage. You block the orc's attack.
The orc barely misses you. The orc hits you with a +0 hand axe.
* * * LOW HITPOINT WARNING * * *
The orc closely misses you. The orc hits you but does no damage.
Unknown command.
You aren't carrying any potions.
The orc attacks as you move away! The orc barely misses you. x2
The orc attacks as you move away! The orc barely misses you.
The orc attacks as you move away! The orc hits you with a +0 hand axe.
* * * LOW HITPOINT WARNING * * *
The orc attacks as you move away! The orc hits you but does no damage.
The orc attacks as you move away! The orc closely misses you.
You hit the orc.
The orc is moderately wounded.
The orc hits you but does no damage.
You closely miss the orc.
The orc is almost dead.
The orc hits you with a +0 whip.
* * * LOW HITPOINT WARNING * * *
You closely miss the orc.
The orc is almost dead.
You block the orc's attack. The orc closely misses you. x2
You block the orc's attack. The orc hits you with a +0 morningstar!
You die...

######### .......>#
..######o *####.##.#
......... * , #.#
,.......o. #.#
........# ** #.#
.......o+ , , , , #†#
........# * ########.#
........# #@o......#
........######oo......#
........†.....o.......#
########.).o..........#
, #..............#
#..............#
#..............# * *
#..............#
#..............#


You could see 4 orcs.

Vanquished Creatures
  An orc priest (D:3)
  An iguana (D:3)
  An orc wizard (D:2)
  A worm (D:3)
  3 orcs (D:2)
  2 endoplasms (D:3)
  A giant cockroach (D:3)
  4 jackals (D:2)
  2 quokkas (D:3)
  A frilled lizard (D:2)
17 creatures vanquished.

Notes
Turn   | Place    | Note
-------+----------+-------------------------------------------
     0 | D:1      | tilp the Meteoran Fighter began the quest for the Orb.
     0 | D:1      | Reached XP level 1. HP: 19/19 MP: 2/2
    34 | D:2      | Noticed an orc wizard
    43 | D:2      | Killed an orc wizard
    44 | D:2      | Reached skill level 1 in Dodging
    44 | D:2      | Reached XP level 2. HP: 25/26 MP: 3/3
    44 | D:2      | Reached XP level 3. HP: 30/31 MP: 4/4
   105 | D:3      | Reached XP level 4. HP: 31/38 MP: 5/5
   132 | D:3      | Reached skill level 1 in Stealth
   160 | D:3      | Reached XP level 5. HP: 17/46 MP: 6/6
   172 | D:3      | Slain by an orc

Illustrated notes

Levels and vault maps discovered:
D:1:      evilmike_arrival_plus, layout_basic,
          ebering_ecumenical_altar_abandoned, serial_forest,
          infiniplex_forest_end_1, infiniplex_forest_end_double,
          infiniplex_forest_zigzag_2, infiniplex_forest_straight_4,
          roderic_serpentine_path, nicolae_concentric_dashed_squares_mild,
          minmay_heptomino_o4
D:2:      layout_basic
D:3:      layout_basic, cheibrodos_ashenzari_chains
D:4:      nicolae_cairo_tiling_large_dashed, layout_cave_pools

Skill      XL: |  1  2  3  4 |
---------------+-------------+-----
Dodging        | 1 2 |  2.7
Armour         | 4 |  4.0
Long Blades    | 3 |  3.1
Stealth        | 1 |  1.2
Shields        | 4 |  4.0
Fighting       | |  3.7

Action                   |  1- 3 |  4- 6 || total
-------------------------+-------+-------++-------
Melee: Long sword        |    33 |    30 ||    63
Throw: Boomerang         |       |     1 ||     1
  Use: Potion            |     1 |       ||     1
Armor: Scale mail        |    16 |    13 ||    29
Dodge: Dodged            |     9 |    26 ||    35
Block: Buckler           |     7 |    13 ||    20

Table legend: (Time is in decaauts)
 A = Elapsed time spent in this place.
 B = Non-inter-level travel time spent in this place.
 C = Inter-level travel time spent in this place.
 D = Time resting spent in this place.
 E = Time spent auto-exploring this place.
 F = Levels seen in this place.
 G = Mean time per level.
                   A        B        C        D        E       F      G
               +--------+--------+--------+--------+--------+-----+--------+
         Total |    190 |    190 |      0 |      0 |      0 |   4 |   47.5 |
       Dungeon |    190 |    190 |      0 |      0 |      0 |   4 |   47.5 |
               +--------+--------+--------+--------+--------+-----+--------+

Top non-repeatable levels by time:
     D:3: 108 daAuts
     D:2: 53 daAuts
     D:1: 19 daAuts
     D:4: 8 daAuts
